Map: Traitor's Exile

Players

MonstroTown

  • Race: Terran Terran
  • Spawn Location: 6:00

Michael

  • Race: Zerg Zerg
  • Spawn Location: 5:00

Protoss

  • Race: Terran Terran
  • Spawn Location: 12:00

mechanic

  • Race: Terran Terran
  • Spawn Location: 9:00

VOD

Have the link to the VOD?

Description

Time

  • Played on: Aug. 25, 2018, 4:17 p.m.
  • Length: 13:57
Show
View Real Time Build Order
Export as new Build Order

MonstroTown Terran 

Build Orders: MMM Bio 

Get SALT Encoding   

  12  0:01  SCV  
  13  0:13  SCV  
  14  0:18  Supply Depot  
  14  0:25  SCV  
  15  0:40  SCV  
  15  0:41  Barracks  
  16  0:47  Refinery  
  16  0:52  SCV  
  17  0:58  Refinery  
  17  1:04  SCV  
  18  1:16  SCV  
  19  1:28  Reaper  
  19  1:29  Orbital Command  
  20  1:46  Factory  
  20  1:56  SCV  
  20  2:00  Barracks Tech Lab  
  21  2:08  SCV  
  22  2:12  Supply Depot  
  22  2:20  SCV  
  22  2:34  Barracks Reactor  
  22  2:35  Starport  
  22  2:40  Siege Tank  
  22  2:41  SCV  
  26  2:53  SCV  
  27  3:01  Command Center  
  27  3:08  Supply Depot  
  27  3:10  SCV  
  27  3:19  Medivac  
  29  3:25  SCV, Marine  
  31  3:35  Marine  
  33  3:41  SCV  
  33  3:43  Siege Tank, Marine  
  37  3:53  Starport Reactor  
  37  3:56  Marine  
  37  4:01  Marine  
  39  4:06  Barracks  
  39  4:07  Engineering Bay  
  39  4:14  Orbital Command  
  39  4:15  Liberator  
  39  4:16  Liberator  
  45  4:48  SCV x2  
  45  4:51  Siege Tank  
  50  4:55  Barracks Tech Lab  
  50  5:02  Barracks  
  50  5:13  Orbital Command  
  50  5:15  SCV  
  50  5:17  Stimpack  
  51  5:32  Marine  
  51  5:33  Marine x2  
  46  5:46  Viking x2  
  49  5:50  Barracks Reactor  
  49  6:03  Marine x2  
  45  6:05  Marauder  
  45  6:11  SCV x2  
  48  6:25  Bunker  
  48  6:29  Supply Depot  
  43  6:40  SCV x2  
  43  6:42  Marine  
  43  6:44  Marine x3  
  43  6:45  Marauder  
  43  6:46  Siege Tank  
  54  6:50  Medivac  
  54  6:51  Refinery, Supply Depot  
  54  6:52  SCV  
  54  6:53  Refinery, SCV  
  58  6:59  Missile Turret  
  58  7:00  Missile Turret  
  58  7:02  Missile Turret  
  58  7:05  SCV  
  58  7:07  SCV  
  60  7:14  Command Center  
  60  7:16  Supply Depot  
  60  7:17  SCV  
  61  7:29  Marine  
  61  7:30  Marine x2  
  61  7:31  Marauder, Medivac  
  68  7:39  Medivac  
  68  7:42  SCV  
  71  7:53  Marine x3  
  71  7:58  SCV x2  
  18  9:17  Terran Infantry Weapons Level 1, Marine x2  
  18  9:18  Marine x3  
  18  9:19  Siege Tank  
  18  9:20  Medivac  
  28  9:28  SCV  
  28  9:29  SCV  
  30  9:33  Orbital Command  
  30  9:36  Marauder  
  32  9:40  SCV  
  32  9:41  SCV  
  34  9:46  Bunker  
  34  9:47  Marine  
  35  9:53  SCV  
  36  10:01  SCV  
  36  10:02  SCV  
  36  10:05  SCV  
  39  10:07  Missile Turret, Marine  
  39  10:08  Marine x2  
  42  10:15  SCV x2  
  42  10:38  Marine x3  
  42  10:39  Marine x2  
  42  10:40  Medivac x2  
  42  10:41  Combat Shield  
  46  10:57  Marauder  
  46  11:00  Marine x2  
  46  11:01  Marine x2  
  46  11:03  Supply Depot  
  52  11:06  SCV  
  53  11:18  SCV, Marine x2  
  53  11:19  Medivac  
  53  11:20  Medivac  
  60  11:31  SCV  
  61  11:34  Marine x2  
  61  11:35  Marine  
  64  11:57  Marine x3  
  64  11:58  Marine x2  
  64  12:00  Siege Tank  
  72  12:01  Viking  
  72  12:02  Viking  
  72  12:03  Terran Infantry Armor Level 1  
  76  12:10  Armory, Engineering Bay, SCV x2  
  76  12:11  SCV  
  76  12:14  Refinery  
  76  12:15  Refinery, Marine x3  
  80  12:20  Marine x2  
  80  12:22  SCV, Concussive Shells  
  85  12:23  SCV x2  
  87  12:34  SCV  
  87  12:35  Siege Tank, SCV  
  48  13:25  Marine x3  
  48  13:26  Marine x2  
  53  13:27  Medivac x2  
  53  13:32  Barracks  
  53  13:34  Barracks  
  53  13:35  Barracks  
Show
View Real Time Build Order
Export as new Build Order

Michael Zerg 

Build Orders: Hatch First 

Get SALT Encoding   

  12  0:01  Drone  
  13  0:12  Overlord  
  13  0:18  Drone  
  14  0:31  Drone x2  
  14  0:35  Drone  
  17  0:56  Hatchery  
  16  0:57  Drone  
  16  1:01  Drone  
  18  1:04  Extractor  
  17  1:17  Spawning Pool  
  16  1:21  Drone  
  16  1:24  Drone  
  18  1:28  Drone  
  19  1:39  Drone  
  20  1:49  Overlord  
  20  2:03  Queen  
  20  2:07  Metabolic Boost  
  22  2:08  Queen  
  22  2:11  Zergling x2  
  26  2:15  Zergling x2  
  26  2:21  Drone  
  26  2:22  Drone  
  28  2:25  Drone  
  29  2:30  Drone  
  29  2:33  Drone  
  31  2:41  Drone  
  32  2:50  Queen  
  33  2:51  Drone  
  33  2:52  Drone  
  33  2:54  Drone  
  36  3:05  Roach Warren  
  35  3:09  Evolution Chamber  
  35  3:10  Extractor, Drone  
  35  3:12  Drone  
  35  3:18  Drone  
  36  3:20  Overlord  
  36  3:29  Spore Crawler  
  36  3:30  Drone  
  36  3:32  Overlord  
  36  3:38  Zerg Ground Armor Level 1  
  36  3:45  Lair  
  36  3:53  Drone  
  36  3:54  Drone x2  
  36  3:55  Drone  
  40  3:57  Drone  
  40  3:59  Drone  
  40  4:02  Drone  
  43  4:04  Drone  
  44  4:16  Drone x3  
  44  4:17  Drone x2  
  49  4:18  Drone  
  49  4:21  Extractor  
  49  4:22  Extractor  
  48  4:25  Spore Crawler  
  47  4:37  Overlord x2, Spine Crawler  
  46  4:39  Overlord  
  46  4:43  Overlord  
  46  4:46  Glial Reconstitution  
  46  4:57  Spore Crawler  
  43  5:06  Roach  
  43  5:07  Roach x4  
  49  5:08  Roach  
  55  5:16  Hydralisk Den  
  55  5:17  Spine Crawler  
  53  5:22  Spore Crawler  
  53  5:25  Spine Crawler, Drone  
  53  5:26  Drone  
  54  5:28  Drone  
  54  5:32  Zerg Missile Weapons Level 1  
  54  5:34  Drone x3  
  57  5:36  Drone  
  57  5:38  Drone  
  57  5:40  Drone  
  60  5:52  Muscular Augments  
  60  6:01  Hatchery  
  60  6:02  Hydralisk  
  61  6:14  Spire  
  61  6:16  Spore Crawler  
  61  6:17  Drone  
  60  6:32  Hydralisk x4  
  60  6:40  Roach x2  
  60  6:41  Roach  
  64  6:55  Hatchery  
  63  7:03  Grooved Spines  
  63  7:08  Drone x5  
  64  7:10  Overlord x2  
  64  7:14  Overlord  
  68  7:20  Queen  
  70  7:25  Overlord  
  70  7:28  Overlord  
  70  7:38  Infestation Pit  
  70  7:39  Zerg Flyer Armor Level 1  
  70  7:41  Drone x2  
  70  7:43  Drone  
  72  7:52  Hydralisk x2  
  72  7:55  Drone x3  
  79  8:12  Hydralisk x4  
  81  8:13  Hydralisk  
  81  8:15  Hydralisk  
  81  8:19  Zergling x2  
  92  8:20  Zergling x4  
  92  8:22  Zergling x2  
  91  8:41  Hydralisk  
  91  8:42  Hydralisk x6  
  101  9:01  Roach  
  101  9:02  Roach x7  
  115  9:13  Drone x5  
  120  9:17  Spore Crawler x2  
  120  9:18  Spine Crawler  
  120  9:20  Extractor, Drone  
  120  9:21  Extractor  
  120  9:22  Drone x2  
  118  9:25  Overlord  
  118  9:28  Overlord  
  118  9:32  Overlord  
  118  9:43  Hydralisk x3  
  124  9:48  Hive  
  124  10:02  Mutalisk x2  
  124  10:06  Mutalisk  
  130  10:08  Hatchery  
  130  10:12  Mutalisk x2  
  133  10:16  Swarm Host  
  132  10:26  Mutalisk  
  132  10:27  Mutalisk x2  
  138  10:29  Mutalisk  
  138  10:32  Mutalisk  
  142  10:51  Hydralisk  
  142  10:53  Overlord x5  
  144  11:14  Greater Spire  
  144  11:21  Drone x15  
  144  11:24  Queen  
  161  11:39  Burrow  
  161  11:47  Spire  
  160  12:18  Spore Crawler  
  160  12:19  Spore Crawler  
  160  12:20  Spine Crawler  
  160  12:21  Spore Crawler  
  160  12:22  Spine Crawler  
  155  12:23  Spine Crawler, Drone x12  
  155  12:29  Extractor  
  165  12:30  Spore Crawler, Extractor  
  165  12:32  Spine Crawler  
  165  12:34  Drone  
  165  12:35  Drone x2  
  165  12:36  Drone x3  
  168  12:42  Spine Crawler  
  121  12:56  Mutalisk  
  121  12:57  Mutalisk x9  
  106  13:08  Mutalisk x2  
  106  13:09  Mutalisk x3  
  113  13:16  Mutalisk  
  113  13:17  Mutalisk x2  
  113  13:18  Mutalisk  
  112  13:20  Mutalisk  
  112  13:23  Mutalisk  
  112  13:25  Mutalisk  
  106  13:31  Mutalisk  
Show
View Real Time Build Order
Export as new Build Order

Protoss Terran 

Build Orders: Mech 

Get SALT Encoding   

  12  0:01  SCV  
  13  0:13  SCV  
  14  0:20  Supply Depot  
  14  0:26  SCV  
  15  0:30  Refinery  
  15  0:42  SCV  
  16  0:47  Barracks  
  16  0:54  SCV  
  17  0:58  Refinery  
  17  1:06  SCV  
  18  1:18  SCV  
  19  1:33  Orbital Command  
  19  1:41  Factory  
  19  1:48  Barracks Tech Lab  
  19  1:50  Supply Depot  
  19  1:58  SCV  
  20  2:11  SCV  
  21  2:31  Siege Tank  
  21  2:33  SCV  
  25  2:42  Starport  
  25  2:46  SCV  
  26  2:53  Supply Depot  
  26  2:58  SCV  
  27  3:03  Siege Tank  
  30  3:16  SCV  
  30  3:19  Command Center  
  31  3:21  Viking  
  33  3:30  SCV  
  33  3:31  Supply Depot  
  34  3:42  SCV  
  34  3:45  Siege Tank  
  38  3:53  Barracks Reactor  
  38  3:54  SCV  
  39  4:06  SCV  
  40  4:12  Supply Depot  
  40  4:26  Siege Tank  
  40  4:27  SCV  
  44  4:32  Factory  
  44  4:33  Factory  
  44  4:37  Orbital Command  
  44  4:39  SCV  
  45  4:55  Orbital Command  
  45  5:00  SCV  
  46  5:13  SCV  
  47  5:19  Engineering Bay  
  47  5:21  Armory  
  47  5:22  Armory  
  47  5:25  SCV  
  47  5:26  Refinery  
  47  5:27  SCV  
  49  5:30  Refinery  
  39  5:49  SCV x2  
  41  6:01  SCV x2  
  41  6:13  SCV x2  
  41  6:16  Terran Vehicle Weapons Level 1  
  41  6:17  Terran Vehicle And Ship Armor Level 1  
  41  6:25  SCV  
  41  6:26  SCV  
  34  6:40  Siege Tank  
  34  6:44  Barracks Tech Lab  
  34  6:45  SCV  
  35  6:48  SCV  
  35  6:50  Factory  
  35  6:52  Factory  
  36  6:57  SCV  
  36  7:00  Factory Reactor, SCV  
  38  7:04  Hellion x2  
  38  7:07  Missile Turret  
  42  7:09  SCV  
  42  7:12  Missile Turret, SCV  
  42  7:15  Missile Turret  
  44  7:20  Missile Turret  
  44  7:21  SCV  
  45  7:24  SCV  
  46  7:31  Hellion  
  46  7:32  Infernal Pre-Igniter, Hellion  
  46  7:33  SCV  
  46  7:36  Missile Turret, SCV  
  52  7:37  Factory Tech Lab  
  52  7:42  Hellion x2  
  56  7:45  SCV  
  56  7:48  SCV  
  58  7:58  SCV  
  59  8:00  SCV  
  59  8:02  Siege Tank  
  59  8:03  Command Center  
  63  8:10  Siege Tank x2  
  63  8:11  SCV  
  70  8:51  Hellion  
  70  8:52  Supply Depot x2  
  70  8:53  Supply Depot, Hellion  
  70  8:55  Siege Tank x2  
  76  8:57  Siege Tank  
  75  9:09  SCV x2  
  73  9:19  Missile Turret  
  73  9:21  Orbital Command, Missile Turret x2, SCV x2  
  75  9:27  Siege Tank, Terran Vehicle Weapons Level 2, Missile Turret  
  75  9:29  Siege Tank  
  81  9:37  Siege Tank  
  84  9:43  SCV x2  
  86  9:47  Refinery x2, Missile Turret  
  86  9:49  SCV  
  87  9:54  Hellion x3  
  87  9:55  SCV  
  87  9:56  SCV  
  95  10:01  SCV  
  96  10:15  Terran Vehicle And Ship Armor Level 2  
  96  10:17  Hellion  
  96  10:18  Starport Reactor, Thor, Hellion x3  
  110  10:27  SCV  
  110  10:28  SCV  
  112  10:34  Siege Tank, Sensor Tower  
  115  10:37  Supply Depot x2  
  115  10:49  Hellion  
  117  10:59  Siege Tank, Hellion x2  
  117  11:01  Thor  
  117  11:03  Supply Depot  
  130  11:04  Supply Depot  
  130  11:05  Missile Turret  
  130  11:09  Supply Depot  
  130  11:10  Supply Depot  
  130  11:19  Missile Turret  
  130  11:22  Missile Turret  
  130  11:24  Thor  
  136  11:26  Missile Turret  
  136  11:28  Supply Depot  
  136  11:31  Supply Depot  
  136  11:33  Supply Depot, Viking x2  
  140  11:40  Thor  
  146  11:50  Thor  
  146  11:52  Hellion x3  
  158  12:07  Thor  
  162  12:23  Thor, Hellion x2  
  162  12:24  Hellion  
  174  12:32  Thor  
  174  12:35  Hellion  
  182  12:45  Hellion  
  182  12:50  Siege Tank  
  165  13:06  Siege Tank  
  165  13:12  Hellion x3  
  171  13:13  Hellion  
  171  13:15  Siege Tank  
  174  13:22  Siege Tank  
  169  13:54  Missile Turret  
  169  13:56  Missile Turret  
Show
View Real Time Build Order
Export as new Build Order

mechanic Terran 

Build Orders: Mech 

Get SALT Encoding   

  12  0:01  SCV  
  13  0:13  SCV  
  14  0:21  Supply Depot  
  14  0:25  SCV  
  15  0:32  Refinery  
  16  0:42  SCV  
  16  0:47  Barracks  
  16  0:55  SCV  
  17  0:58  Refinery  
  17  1:07  SCV  
  18  1:19  SCV  
  19  1:31  SCV  
  20  1:35  Marine  
  20  1:39  Factory  
  21  1:43  Orbital Command  
  21  1:54  Marine  
  22  2:11  SCV  
  23  2:24  Supply Depot  
  23  2:31  Factory Tech Lab  
  23  2:46  SCV, Marine  
  25  2:52  Command Center  
  25  2:55  Siege Tank  
  28  3:01  Supply Depot  
  28  3:03  SCV  
  29  3:15  SCV  
  29  3:16  Marine  
  31  3:27  SCV  
  32  3:35  Siege Tank  
  32  3:39  Starport, SCV  
  32  3:40  Marine  
  37  3:52  SCV  
  38  3:59  Marine  
  39  4:05  Orbital Command  
  39  4:07  SCV  
  39  4:08  Siege Tank  
  43  4:19  SCV  
  43  4:20  Viking  
  43  4:23  Marine  
  47  4:30  Factory  
  47  4:31  Orbital Command, Factory  
  47  4:51  Marine  
  47  4:52  Siege Tank, Viking  
  53  5:06  SCV  
  54  5:23  Factory Tech Lab x2  
  54  6:14  Refinery  
  54  6:15  Refinery  
  54  6:19  Siege Tank x2, SCV x2  
  62  6:28  Armory  
  62  6:41  Command Center  
  62  6:43  Starport Reactor  
  62  7:09  Supply Depot  
  62  7:13  Supply Depot x2  
  62  7:20  Engineering Bay  
  62  7:29  Siege Tank, SCV x2, Marine  
  68  7:30  Thor  
  68  7:32  Viking  
  68  7:33  Viking  
  68  7:35  Thor  
  84  7:41  SCV x2  
  86  8:05  Viking x2  
  83  8:13  Orbital Command  
  83  8:18  Siege Tank x2  
  89  8:26  SCV x2  
  91  8:35  Viking x2  
  91  8:37  Thor  
  101  8:42  SCV x2  
  94  9:22  Factory Tech Lab  
  94  9:27  Supply Depot  
  94  9:28  Supply Depot x2  
  94  9:30  Terran Vehicle Weapons Level 1  
  94  9:32  Supply Depot  
  94  9:33  Armory  
  94  9:38  Refinery  
  94  9:39  Refinery  
  94  9:49  SCV x3, Viking x2  
  101  10:01  SCV x3  
  101  10:02  Supply Depot  
  101  10:03  Supply Depot  
  104  10:11  Missile Turret  
  104  10:13  Missile Turret, SCV x3  
  107  10:17  Missile Turret  
  107  10:22  Missile Turret  
  107  10:25  SCV x3  
  103  10:43  Missile Turret x2  
  103  10:46  Missile Turret  
  103  10:47  Missile Turret  
  103  10:55  SCV  
  104  10:58  SCV x2  
  104  10:59  Missile Turret  
  104  11:00  Missile Turret  
  106  11:09  Viking  
  106  11:10  Viking  
  106  11:11  Siege Tank x3  
  116  11:13  SCV, Terran Vehicle And Ship Armor Level 1  
  116  11:18  Factory  
  120  11:19  Starport, Factory  
  120  11:20  SCV x2  
  120  11:25  SCV  
  123  11:29  Supply Depot x2  
  123  11:32  Supply Depot, SCV x2  
  125  11:39  SCV  
  126  11:46  Missile Turret  
  126  11:55  SCV  
  126  12:01  Supply Depot x3  
  127  12:02  Supply Depot x2  
  127  12:07  Supply Depot  
  127  12:10  Supply Depot  
  127  12:17  Sensor Tower  
  127  12:18  SCV x2  
  127  12:22  Sensor Tower  
  129  12:23  Thor  
  129  12:26  SCV  
  129  12:29  Factory Tech Lab x2  
  136  12:30  Starport Reactor, SCV  
  137  12:49  Command Center  
  137  13:10  Siege Tank x2, Thor x3  
  137  13:12  Viking x3  
  167  13:25  Viking  
Tags
 
Add a new tag
Caveats
  • Supply blocks, unpowered buildings, or Contaminate may cause inaccurate times.
  • Supply counts are checked every 10 seconds.